 Dungeon Crawl Stone Soup version 0.19.1 (webtiles) character file.

8460 Jerry the Carver (level 10, -17/73 HPs)
             Began as a Demigod Gladiator on Dec 27, 2016.
             Killed from afar by a deep elf mage (31 damage)
             ... with a bolt of negative energy
             ... on level 11 of the Dungeon.
             The game lasted 00:35:28 (14093 turns).

Jerry the Carver (Demigod Gladiator)               Turns: 14093, Time: 00:35:28

Health: -17/73     AC: 14    Str: 21      XL:     10   Next: 85%
Magic:  4/4        EV: 16    Int: 12 (14) God:
Gold:   592        SH:  0    Dex: 18 (20) Spells: 0 memorised, 9 levels left

rFire  + . .     SeeInvis +     u - +7 quarterstaff of the Imperium {speed, rC++ MP-9 SInv Stlth+}
rCold  + + +     Gourm    .     p - +3 scale mail of an ossuary {rF++ Dex-2}
rNeg   . . .     Faith    .     (shield currently unavailable)
rPois  .         Spirit   .     y - +0 helmet "Lutum" {Regen+ rCorr Str+3} (curse)
rElec  .         Reflect  .     n - +1 cloak
rCorr  +         Harm     .     (no gloves)
MR     +....                    (no boots)
Stlth  +.........               (no amulet)
                                G - ring of wizardry
                                E - ring of ice

@: drained
A: clever 1, deterioration 1, high mp 1, subdued magic 1, sturdy frame 2
a: no special abilities


You were on level 11 of the Dungeon.
You were not hungry.

You visited 1 branch of the dungeon, and saw 11 of its levels.

You collected 592 gold pieces.

Inventory:

Hand Weapons
 a - a +0 long sword of slicing
 u - the +7 quarterstaff of the Imperium (weapon) {speed, rC++ MP-9 SInv Stlth+}
   (You found it on level 11 of the Dungeon)

   Attacks with this weapon are significantly faster.
   It greatly protects you from cold.
   It affects your magic capacity (-9).
   It lets you see invisible.
   It makes you more stealthy.
Missiles
 s - 7 javelins
 x - 2 throwing nets (quivered)
Armour
 n - a +1 cloak (worn)
 p - the +3 scale mail of an ossuary (worn) {rF++ Dex-2}
   (You found it on level 4 of the Dungeon)

   It affects your dexterity (-2).
   It greatly protects you from fire.
 y - the cursed +0 helmet "Lutum" (worn) {Regen+ rCorr Str+3}
   (You found it on level 10 of the Dungeon)

   It affects your strength (+3).
   It increases your rate of regeneration.
   It protects you from acid and corrosion.
   It has a curse placed upon it.
Jewellery
 E - a ring of ice (left hand)
 G - a ring of wizardry (right hand)
Wands
 q - a wand of lightning (7/15)
 t - a wand of lightning (6/15)
Scrolls
 e - 2 scrolls of blinking
 h - a scroll of recharging
 k - 5 scrolls of teleportation
 r - 3 scrolls of amnesia
 w - 5 scrolls of remove curse
Potions
 b - a potion of brilliance
 c - a potion of berserk rage {unknown}
 d - 2 potions of magic
 g - a potion of lignification
 j - 3 potions of degeneration {unknown}
 l - 3 potions of curing
 m - a potion of resistance
 o - a potion of flight
 H - 2 potions of cure mutation
Books
 z - a book of Power

   Spells                             Type                      Level
   a - Fulminant Prism                Conjuration/Hexes            4
   b - Iskenderun's Mystic Blast      Conjuration                  4
   c - Venom Bolt                     Conjuration/Poison           5
   d - Bolt of Magma                  Conjuration/Fire/Earth       5
   e - Iron Shot                      Conjuration/Earth            6
   f - Orb of Destruction             Conjuration                  7
   g - Spellforged Servitor           Conjuration/Summoning        7
 F - a book of Clouds

   Spells                             Type                      Level
   a - Mephitic Cloud                 Conjuration/Poison/Air       3
   b - Conjure Flame                  Conjuration/Fire             3
   c - Poisonous Cloud                Conjuration/Poison/Air       6
   d - Freezing Cloud                 Conjuration/Ice/Air          6
   e - Ring of Flames                 Charms/Fire                  7
Comestibles
 f - 6 bread rations
 i - 5 meat rations
 v - 3 chunks of flesh
 A - a royal jelly
 B - 26 fruits


   Skills:
 - Level 1.7(0.7) Fighting
 + Level 9.7(8.4) Long Blades
 - Level 1.7(0.7) Throwing
 + Level 9.1(7.8) Armour
 + Level 9.5(8.2) Dodging


You had 9 spell levels left.
You didn't know any spells.

Dungeon Overview and Level Annotations

Branches:
Dungeon (11/15)            Temple (0/1) D:7            Lair (0/6) D:9
    Orc (0/2) D:9

Shops:
D:7 *   D:10 :   D:11 =

Annotations:
D:8 Jerry's ghost, novice MiMo


Innate Abilities, Weirdness & Mutations

You have an increased reservoir of magic. (+10% MP)
Your mind is acute. (Int +2)
Your body sometimes deteriorates upon taking damage.
Your spells are a little easier to cast, but a little less powerful.
Your movements are less encumbered by armour. (ER -4)


Message History

The deep elf mage is heavily wounded.
The deep elf mage hits you with a long sword.
* * * LOW HITPOINT WARNING * * *
Unknown command.
You hit the deep elf mage.
The deep elf mage is severely wounded.
You closely miss the deep elf mage.
The deep elf mage is severely wounded.
The deep elf mage casts a spell.
Unknown command.
You hit the deep elf mage.
The deep elf mage is severely wounded.
The deep elf mage hits you with a long sword.
* * * LOW HITPOINT WARNING * * *
You barely miss the deep elf mage.
The deep elf mage is severely wounded.
The rust devil barely misses you.
The deep elf mage points at you and mumbles some strange words.
The bolt of negative energy hits you!
You feel drained.
You die...

....###.####..######....#
##.......)........####.####
..........########...##....######
#..........#########.............
#.............).##########...####
#...[..(...####..............#
#..........# ################
#..........##############
...............4@ess.....
#........###############
.........# .ยง.e.....# .........#
.........# .........# ..%.....##
#......##


You could see a rust devil, a deep elf mage and 2 tarantellas.

Vanquished Creatures
  Pikel (D:6)
  A centaur zombie (D:11)
  Joseph (D:7)
  2 centaur skeletons
  A gargoyle (D:11)
  4 trolls
  A meliai (shapeshifter) (D:11)
  Grinder (D:6)
  A two-headed ogre (D:11)
  A hippogriff (D:10)
  Sigmund (D:2)
  A yak (D:9)
  2 steam dragons
  2 hungry ghosts
  Menkaure (D:4)
  Edmund (D:4)
  Duvessa (D:4)
  2 orc warriors (D:9)
  3 ice beasts
  3 phantoms
  2 sky beasts
  5 ogres
  2 centaurs
  A big kobold (D:4)
  2 bullfrogs
  The ghost of cheeroque the Gusty, an amateur FeAE (D:3)
  A wyvern zombie (D:10)
  Dowan (D:4)
  2 scorpions (D:6)
  12 killer bees
  7 howler monkeys
  4 crimson imps
  2 quasits
  2 jellies
  3 orc priests
  3 hounds
  3 bullfrog skeletons
  6 orc wizards
  An iguana (D:10)
  9 worker ants
  A killer bee zombie (D:9)
  A howler monkey skeleton (D:7)
  7 adders
  2 river rats (D:9)
  6 shadow imps
  2 oozes
  An adder skeleton (D:7)
  A dart slug (D:1)
  6 worms (D:2)
  3 leopard geckos
  30 orcs
  8 giant cockroaches
  6 goblins
  5 hobgoblins
  11 jackals
  2 quokkas
  2 ball pythons
  16 bats
  4 frilled lizards
  A jackal skeleton (D:4)
  6 kobolds
  22 rats
243 creatures vanquished.

Vanquished Creatures (others)
  2 slaves (D:6)
  A centaur (D:6)
  A bullfrog (D:6)
4 creatures vanquished.

Grand Total: 247 creatures vanquished

Notes
Turn   | Place    | Note
-------+----------+-------------------------------------------
     0 | D:1      | Jerry the Demigod Gladiator began the quest for the Orb.
     0 | D:1      | Reached XP level 1. HP: 17/17 MP: 3/3
   175 | D:1      | Reached XP level 2. HP: 19/24 MP: 4/4
   369 | D:1      | Reached skill level 1 in Armour
   734 | D:2      | Found a hide-covered altar of Uskayaw.
   820 | D:2      | Noticed a moth of wrath
   823 | D:2      | Found a bloodstained altar of Trog.
  1027 | D:2      | Reached XP level 3. HP: 29/29 MP: 5/5
  1094 | D:2      | Noticed Sigmund
  2344 | D:2      | Killed Sigmund
  2344 | D:2      | Reached XP level 4. HP: 22/36 MP: 6/6
  2344 | D:2      | Reached XP level 5. HP: 25/41 MP: 7/7
  2515 | D:3      | Noticed cheeroque's ghost (amateur FeAE)
  2534 | D:3      | Killed cheeroque's ghost
  2755 | D:3      | Reached XP level 6. HP: 31/48 MP: 8/8
  3631 | D:3      | Found a white marble altar of Elyvilon.
  3780 | D:3      | Found a snail-covered altar of Cheibriados.
  3791 | D:3      | Found a shimmering altar of Xom.
  3809 | D:3      | Found a glowing golden altar of the Shining One.
  4146 | D:4      | Reached skill level 5 in Long Blades
  4146 | D:4      | Reached XP level 7. HP: 48/53 MP: 9/9
  4313 | D:4      | Noticed Edmund
  4366 | D:4      | Killed Edmund
  4366 | D:4      | Reached skill level 5 in Dodging
  4632 | D:4      | Noticed Menkaure
  4655 | D:4      | Killed Menkaure
  4866 | D:4      | Found a glowing silver altar of Zin.
  4886 | D:4      | Got a polished scale mail
  4897 | D:4      | Identified the +3 scale mail of an ossuary {rF++ Dex-2} (You found it on level 4 of the Dungeon)
  5085 | D:4      | Noticed Duvessa
  5085 | D:4      | Noticed Dowan
  5117 | D:4      | Killed Dowan
  5400 | D:4      | Killed Duvessa
  6036 | D:5      | Entered Level 5 of the Dungeon
  6039 | D:5      | Reached XP level 8. HP: 60/60 MP: 10/10
  6058 | D:5      | Reached skill level 5 in Armour
  7053 | D:6      | Noticed Pikel
  7093 | D:6      | Killed Pikel
  7376 | D:6      | You fall through a shaft for 3 floors!
  7439 | D:9      | Found a staircase to the Orcish Mines.
  7589 | D:8      | Gained mutation: Your spells are a little easier to cast, but a little less powerful. [mutagenic meat]
  7590 | D:8      | Gained mutation: Your mind is acute. (Int +2) [mutagenic meat]
  7592 | D:8      | Gained mutation: Your movements are slightly less encumbered by armour. (ER -2) [mutagenic meat]
  7594 | D:8      | Gained mutation: Your body sometimes deteriorates upon taking damage. [mutagenic meat]
  7607 | D:8      | Found a sparkling altar of Nemelex Xobeh.
  7625 | D:8      | Reached XP level 9. HP: 67/67 MP: 11/11
  7648 | D:8      | Found a hide-covered altar of Uskayaw.
  7970 | D:8      | Noticed Jerry's ghost (novice MiMo)
  7987 | D:8      | Found a radiant altar of Vehumet.
  8465 | D:7      | Found a staircase to the Ecumenical Temple.
  8852 | D:7      | Noticed Joseph
  8880 | D:6      | Noticed Grinder
  8882 | D:6      | Paralysed by Grinder for 5 turns
  8896 | D:6      | Killed Grinder
 10090 | D:7      | Killed Joseph
 10666 | D:7      | Found Qibos's Elemental Accessories.
 10756 | D:7      | Found a stormy altar of Qazlal.
 10756 | D:7      | Found a shattered altar of Ashenzari.
 11326 | D:8      | You fall through a shaft for 3 floors!
 11330 | D:11     | Got a warped quarterstaff
 11331 | D:11     | Identified the +7 quarterstaff of the Imperium {speed, rC++ MP-9 SInv Stlth+} (You found it on level 11 of the Dungeon)
 11386 | D:11     | Noticed a gargoyle
 11431 | D:11     | Reached XP level 10. HP: 72/73 MP: 4/13
 11441 | D:10     | Entered Level 10 of the Dungeon
 11477 | D:10     | Found Vimuw's Book Shoppe.
 11777 | D:9      | Found a blossoming altar of Fedhas.
 11946 | D:9      | Found a staircase to the Lair.
 13396 | D:10     | Got a transparent helmet
 13407 | D:10     | Identified the cursed +0 helmet "Lutum" {Regen+ rCorr Str+3} (You found it on level 10 of the Dungeon)
 13540 | D:10     | Found a bloodstained altar of Trog.
 13840 | D:11     | Found Efaa's Jewellery Shoppe.
 13843 | D:11     | Noticed an unseen horror
 13855 | D:11     | an unseen horror changed into a yak
 14036 | D:11     | Gained mutation: Your body often deteriorates upon taking damage. [mutagenic meat]
 14037 | D:11     | Lost mutation: Your body often deteriorates upon taking damage. [mutagenic meat]
 14038 | D:11     | Gained mutation: Your movements are less encumbered by armour. (ER -4) [mutagenic meat]
 14059 | D:11     | Noticed a deep elf mage
 14092 | D:11     | Noticed a rust devil
 14093 | D:11     | Killed from afar by a deep elf mage

Skill      XL: |  1  2  3  4  5  6  7  8  9 10 |
---------------+-------------------------------+-----
Long Blades    | 3 4 5 7 8 9 |  9.7
Armour         | 1 2 3 4 6 7 9 |  9.1
Dodging        | 3 4 5 6 8 9 |  9.5
Fighting       | |  1.7
Throwing       | |  1.7

Action                   |  1- 3 |  4- 6 |  7- 9 | 10-12 || total
-------------------------+-------+-------+-------+-------++-------
Melee: Long sword        |   128 |   145 |   596 |       ||   869
       Quarterstaff      |       |       |    14 |   279 ||   293
Throw: Throwing net      |       |       |     3 |       ||     3
  Use: Scroll            |     5 |       |     6 |    12 ||    23
       Potion            |       |       |     5 |       ||     5
 Stab: Sleeping          |     2 |       |       |       ||     2
       Held in net/web   |       |       |     3 |       ||     3
  Eat: Chunk             |     5 |     6 |    28 |    12 ||    51
       Fruit             |       |       |     4 |       ||     4
       Meat ration       |       |       |     1 |       ||     1
       Beef jerky        |       |       |       |     1 ||     1
Armor: Leather armour    |    30 |       |       |       ||    30
       Ring mail         |     8 |    30 |    12 |       ||    50
       Scale mail        |       |       |   206 |   110 ||   316
       Skin              |       |       |    20 |       ||    20
Dodge: Dodged            |    84 |   100 |   425 |   289 ||   898
       Rpst.: Long sword |    31 |    35 |   120 |       ||   186
